 Dungeon Crawl Stone Soup version 0.20.1-1-g8b1a95d (webtiles) character file.

274 mastercheaf21 the Basher (level 6, -4/51 HPs)
             Began as a Minotaur Berserker on Nov 8, 2017.
             Was a Priest of Trog.
             Slain by an ice beast (9 damage)
             ... on level 4 of the Dungeon.
             The game lasted 00:09:14 (2702 turns).

mastercheaf21 the Basher (Minotaur Berserker)       Turns: 2702, Time: 00:09:15

Health: -4/51      AC:  8    Str: 23    XL:     6   Next: 3%
Magic:  5/5        EV:  8    Int:  4    God:    Trog [***...]
Gold:   86         SH:  0    Dex: 10    Spells: 5/5 levels left

rFire    . . .     SeeInvis .   a - +0 mace
rCold    . . .     Gourm    .   (no shield)
rNeg     . . .     Faith    .   g - +0 chain mail
rPois    .         Spirit   .   (helmet restricted)
rElec    .         Reflect  .   (no cloak)
rCorr    .         Harm     .   (no gloves)
MR       +....                  (no boots)
Stlth    ..........             (no amulet)
Regen    0.2/turn               f - ring of protection from magic
MPRegen  0.1/turn               (no ring)

@: no status effects
A: retaliatory headbutt, horns 2
a: Berserk, Trog's Hand, Burn Spellbooks, Renounce Religion


You were on level 4 of the Dungeon.
You worshipped Trog.
Trog was most pleased with you.
You were not hungry.

You visited 1 branch of the dungeon, and saw 4 of its levels.

You collected 86 gold pieces.

Inventory:

Hand Weapons
 a - a +0 mace (weapon)
Armour
 b - a +0 animal skin
 g - a +0 chain mail (worn)
Jewellery
 f - a ring of protection from magic (left hand)
Wands
 s - a wand of digging (14/24)
Scrolls
 d - a scroll of magic mapping {unknown}
 e - 2 scrolls of enchant weapon {unknown}
 j - a scroll of immolation {unknown}
 k - 4 scrolls of remove curse {unknown}
 l - a scroll of blinking {unknown}
 m - 2 scrolls of teleportation {unknown}
 n - 3 scrolls of identify {unknown}
 r - a scroll of amnesia {unknown}
Potions
 i - 3 potions of haste {unknown}
 p - a potion of flight {unknown}
 q - a potion of mutation {unknown}
Comestibles
 c - 3 bread rations
 h - a royal jelly
 o - 2 meat rations
 t - 2 chunks of flesh


   Skills:
 - Level 3.6 Fighting
 + Level 8.0 Maces & Flails
 - Level 2.4 Armour
 - Level 2.1 Dodging
 + Level 0.6 Stealth


You had 5 spell levels left.
You didn't know any spells.

Dungeon Overview and Level Annotations

Branches:
Dungeon (4/15)             Temple (0/1) D:4

Altars:
Qazlal


Innate Abilities, Weirdness & Mutations

You reflexively headbutt those who attack you in melee.
You have a pair of horns on your head.


Message History

The ice beast is severely wounded.
The ice beast hits you but does no damage.
Your chain mail prevents you from hitting the ice beast.
The ice beast is severely wounded.
The ice beast hits you but does no damage.
You hit the ice beast but do no damage.
The ice beast is severely wounded.
The ice beast hits you but does no damage.
You closely miss the ice beast.
The ice beast is severely wounded.
The ice beast hits you.
* * * LOW HITPOINT WARNING * * *
The ice beast freezes you.
* * * LOW HITPOINT WARNING * * *
You hit the ice beast but do no damage. Your headbutt misses the ice beast.
The ice beast is severely wounded.
The ice beast hits you.
* * * LOW HITPOINT WARNING * * *
The ice beast freezes you!
You die...

#. ##.### # ##.#.#
#.##....#.# #....# ....^..#.
#..... ....... #.... .....#
#...# #....# #.hS #....# #
#Y####### #.<..###.#
#@......# #........#
#..♣.♣..# . #.....#..#
##..>...# #.#........#
#.♣.♣..# #.......#..#
#......# #....(.....#
#......# #............#
#......#
#.###..##.#######......#
#.#.....#..............######


You could see an ice beast, a jackal and a ball python.

Vanquished Creatures
  2 hounds (D:4)
  A bullfrog skeleton (D:4)
  2 worker ants (D:4)
  6 adders
  2 worms
  3 dart slugs
  7 leopard geckos
  A bat (D:3)
  5 giant cockroaches
  12 goblins
  6 hobgoblins
  8 kobolds
  A quokka (D:4)
  4 ball pythons
  5 frilled lizards
  9 rats
74 creatures vanquished.

Vanquished Creatures (others)
  The ghost of mastercheaf21 the Digger, an amateur GrEE (D:3)
  A leopard gecko (D:3)
  A ball python (D:3)
3 creatures vanquished.

Grand Total: 77 creatures vanquished

Notes
Turn   | Place    | Note
-------+----------+-------------------------------------------
     0 | D:1      | mastercheaf21 the Minotaur Berserker began the quest for the Orb.
     0 | D:1      | Reached XP level 1. HP: 19/19 MP: 0/0
     4 | D:1      | Noticed a demigod
     4 | D:1      | Noticed a draconian
     6 | D:1      | Noticed an octopode
     6 | D:1      | Noticed a vampire
     8 | D:1      | Noticed a human
     8 | D:1      | Noticed an elf
    10 | D:1      | Noticed a dwarf
    10 | D:1      | Noticed a ghoul
    12 | D:1      | Noticed a tengu
    15 | D:1      | Noticed a gargoyle
    15 | D:1      | Noticed a minotaur
    17 | D:1      | Noticed a formicid
    17 | D:1      | Noticed a demonspawn
    19 | D:1      | Noticed a halfling
    19 | D:1      | Noticed a troll
    21 | D:1      | Noticed a merfolk
    23 | D:1      | Noticed a vine stalker
    23 | D:1      | Noticed a felid
    25 | D:1      | Noticed a spriggan
    25 | D:1      | Noticed a naga
    27 | D:1      | Noticed a centaur
    27 | D:1      | Noticed an ogre
   346 | D:1      | Reached skill level 4 in Maces & Flails
   491 | D:1      | Reached XP level 2. HP: 26/26 MP: 1/1
   877 | D:2      | Reached skill level 5 in Maces & Flails
   877 | D:2      | Reached XP level 3. HP: 19/31 MP: 2/2
   943 | D:2      | Reached ** piety under Trog
  1338 | D:2      | Reached XP level 4. HP: 33/39 MP: 3/3
  1404 | D:2      | Reached skill level 6 in Maces & Flails
  1448 | D:3      | Killed mastercheaf21's ghost
  1676 | D:3      | Reached *** piety under Trog
  2058 | D:3      | Found a stormy altar of Qazlal.
  2376 | D:4      | Found a staircase to the Ecumenical Temple.
  2381 | D:4      | Reached XP level 5. HP: 45/45 MP: 4/4
  2387 | D:4      | Reached skill level 7 in Maces & Flails
  2643 | D:4      | Reached skill level 8 in Maces & Flails
  2643 | D:4      | Reached XP level 6. HP: 49/51 MP: 5/5
  2684 | D:4      | Noticed an ice beast
  2702 | D:4      | Slain by an ice beast

Skill      XL: |  1  2  3  4  5 |
---------------+----------------+-----
Maces & Flails | 4 5 6 8 |  8.0
Fighting       | |  3.6
Armour         | |  2.4
Dodging        | |  2.1
Stealth        | |  0.6

Action                   |  1- 3 |  4- 6 || total
-------------------------+-------+-------++-------
Melee: Mace              |    72 |   107 ||   179
       Headbutt          |     8 |    11 ||    19
  Eat: Chunk             |     1 |     5 ||     6
Armor: Chain mail        |    50 |    60 ||   110
Dodge: Dodged            |    59 |    47 ||   106
